 Dungeon Crawl Stone Soup version 0.21.1-1-g345015f (webtiles) character file.

47 RudyRod the Shield-Bearer (level 3, -6/27 HPs)
             Began as a Formicid Fighter on May 6, 2018.
             Mangled by a gnoll
             ... wielding a +0 halberd
              (8 damage)
             ... on level 2 of the Dungeon.
             The game lasted 00:03:57 (965 turns).

RudyRod the Shield-Bearer (Formicid Fighter)         Turns: 965, Time: 00:04:00

Health: -6/27      AC:  9    Str: 21    XL:     3   Next: 97%
Magic:  3/3        EV:  8    Int:  7    God:
Gold:   52         SH:  9    Dex: 12    Spells: 2/2 levels left

rFire    . . .     SeeInvis +   a - +0 long sword
rCold    . . .     Gourm    .   c - +0 shield
rNeg     . . .     Faith    .   b - +0 scale mail
rPois    .         Spirit   .   (helmet unavailable)
rElec    .         Reflect  .   r - +0 cloak
rCorr    .         Harm     .   m - +0 pair of gloves
MR       .....                  (no boots)
Stlth    ..........             (no amulet)
HPRegen  0.09/turn              (no ring)
MPRegen  0.08/turn              (no ring)

@: no status effects
A: permanent stasis, dig shafts and tunnels, four strong arms, antennae 3, agile
1, frail 1, subdued magic 1
a: Dig, Shaft Self


You were on level 2 of the Dungeon.
You were hungry.

You visited 1 branch of the dungeon, and saw 2 of its levels.

You collected 52 gold pieces.

Inventory:

Hand Weapons
 a - a +0 long sword (weapon)
 g - a +0 mace of protection
Armour
 b - a +0 scale mail (worn)
 c - a +0 shield (worn)
 m - a +0 pair of gloves (worn)
 r - a +0 cloak (worn)
Scrolls
 e - 2 scrolls of fear {unknown}
 j - 2 scrolls of remove curse {unknown}
 k - a scroll of random uselessness {unknown}
 n - a scroll of identify {unknown}
 o - a scroll of amnesia {unknown}
 p - a scroll of teleportation {unknown}
Potions
 d - a potion of might
 h - a potion of mutation
 l - a potion of haste
 q - a potion of berserk rage {unknown}
 s - a potion of heal wounds {unknown}
Comestibles
 f - 5 rations
 i - 4 chunks of flesh


   Skills:
 + Level 3.7 Fighting
 + Level 2.8 Long Blades
 + Level 3.8 Armour
 + Level 4.0 Shields


You had 2 spell levels left.
You didn't know any spells.

Dungeon Overview and Level Annotations

Branches:
Dungeon (2/15)

Altars:


Innate Abilities, Weirdness & Mutations

You cannot be hasted, slowed, berserked, paralysed or teleported.
You can dig through walls and to a lower floor.
Your four strong arms can wield two-handed weapons with a shield.
You have a pair of large antennae on your head. (SInv)
You are agile. (Dex +2)
You are frail. (-10% HP)
Your spells are a little easier to cast, but a little less powerful.


Message History

The gnoll hits you with a spear.
* * * LOW HITPOINT WARNING * * *
The gnoll completely misses you.
You closely miss the gnoll.
The gnoll is severely wounded.
You are feeling hungry.
You block the gnoll's attack.
The gnoll hits you but does no damage. x2
You hit the gnoll.
The gnoll is severely wounded.
You block the gnoll's attack. x2; The kobold closely misses you.
It was a potion of mutation.
You feel extremely strange.
You feel frail.
Your connection to magic feels subdued.
You feel agile.
You block the gnoll's attack. x2; The kobold hits you but does no damage.
It was a potion of haste.
Your stasis prevents you from being hasted.
The gnoll barely misses you.
You riposte.
You closely miss the gnoll.
The gnoll is severely wounded.
You block the kobold's attack.
The gnoll hits you from afar with a halberd!
You die...

...{### #.........#
... #.........# .
##.........#
#..........#
#.#.......##
..######.##........
...............####
########.###########
...........K@ggg..#
##.###...########...
#.... ##.#.. #.#...
#.#.... #.#....# ..
.....


You could see 3 gnolls and a kobold.

Vanquished Creatures
  A worm (D:2)
  2 dart slugs (D:1)
  2 bats (D:1)
  2 giant cockroaches (D:1)
  3 goblins (D:1)
  4 hobgoblins
  8 jackals (D:1)
  2 frilled lizards
  4 kobolds
  9 rats
37 creatures vanquished.

Notes
Turn   | Place    | Note
-------+----------+-------------------------------------------
     0 | D:1      | RudyRod the Formicid Fighter began the quest for the Orb.
     0 | D:1      | Reached XP level 1. HP: 18/18 MP: 1/1
   119 | D:1      | Reached XP level 2. HP: 19/24 MP: 2/2
   259 | D:1      | Reached XP level 3. HP: 27/30 MP: 3/3
   383 | D:1      | Reached skill level 4 in Shields
   961 | D:2      | HP: 1/30 [gnoll/spear (5)]
   964 | D:2      | Gained mutation: You are frail. (-10% HP) [potion of mutation]
   964 | D:2      | Gained mutation: Your spells are a little easier to cast, but a little less powerful. [potion of mutation]
   964 | D:2      | Gained mutation: You are agile. (Dex +2) [potion of mutation]
   965 | D:2      | Mangled by a gnoll

Skill      XL: |  1  2  3 |
---------------+----------+-----
Shields        | 4 |  4.0
Fighting       | |  3.7
Long Blades    | |  2.8
Armour         | |  3.8

Action                   || total
-------------------------++-------
Melee: Long sword        ||   114
  Use: Potion            ||     2
Armor: Scale mail        ||    51
Dodge: Dodged            ||    39
Block: Shield            ||    60
       Rpst.: Long sword ||    16
